 Dungeon Crawl Stone Soup version 0.28-a0-203-gf40de95187 (webtiles) character file.

Game seed: 12107333803837775374

80 Morbidden the Magician (level 4, -4/32 HPs)
             Began as a Djinni Fire Elementalist on Aug 20, 2021.
             Killed by an exploding Ijyb (13 damage)
             ... ignited by their inner flame
             ... on level 3 of the Dungeon.
             The game lasted 00:03:00 (2538 turns).

Morbidden the Magician (Djinni Fire Elementalist)   Turns: 2538, Time: 00:03:01

Health: -4/32      AC:  2    Str:  8    XL:     4   Next: 65%
Gold:   88         EV: 12    Int: 17    God:
                   SH:  0    Dex: 13

rFire   + + .      SeeInvis .   (no weapon)
rCold   x . .      Faith    .   (no shield)
rNeg    . . .      Spirit   .   a - +0 robe
rPois   ∞          Reflect  .   (no helmet)
rElec   .          Harm     .   (no cloak)
rCorr   .          Rampage  .   (no gloves)
Will    .....                   (boots unavailable)
Stlth   ++........              (no amulet)
HPRegen 0.10/turn               (no ring)
MPRegen 0.00/turn               (no ring)

@: flying
A: sickness immunity, fire resistance 2, cold vulnerability 1, float, innate
caster, hp casting, extra vitality 1
a: no special abilities


You were on level 3 of the Dungeon.
You visited 1 branch of the dungeon, and saw 3 of its levels.

You collected 88 gold pieces.

Inventory:

Missiles
 e - 17 poisoned darts (quivered)
Armour
 a - a +0 robe (worn)
Scrolls
 c - 2 scrolls of noise {unknown}
 d - 3 scrolls of identify {unknown}
 h - a scroll of immolation {unknown}
 i - a scroll of amnesia {unknown}
Potions
 b - a potion of heal wounds
 f - a potion of brilliance {unknown}
 g - a potion of haste {unknown}
 j - 2 potions of degeneration {unknown}
 k - a potion of mutation {unknown}


   Skills:
 * Level 1.0 Fighting
 + Level 2.3 Dodging
 + Level 2.0 Stealth
 * Level 3.6 Spellcasting


You couldn't memorise any spells.
You knew the following spells:

 Your Spells              Type           Power      Damage    Failure   Level
a - Magic Dart            Conj           60%        1d6       3%          1
b - Foxfire               Conj/Fire      60%        2x1d7     3%          1
c - Inner Flame           Hex/Fire       15%        N/A       11%         3
d - Sticky Flame          Conj/Fire      15%        2d4       36%         4
e - Fireball              Conj/Fire      7%         3d5       71%         5
f - Conjure Flame         Conj/Fire      15%        6-21      11%         3
Your spell library was empty.

Dungeon Overview and Level Annotations

Branches:
Dungeon (3/15)

Altars:


Innate Abilities, Weirdness & Mutations

You are immune to sickness and miasma.
You are immune to poison.
Your flesh is very heat resistant. (rF++)
You are vulnerable to cold. (rC-)
You float through the air rather than walking.
You learn spells naturally, not from books.
Your magical power is your life essence.
You have superior vitality. (+4 HP)


Message History

Confirm with . or Enter, or press ? or * to list all spells.
Aiming: Magic Dart (safe; 3% risk of failure)
Press: ? - help, Shift-Dir - straight line, f/p - Ijyb
Aim: Ijyb, wielding a +1 dagger of speed, wearing a +0 ring mail and carrying a wand of flame (3) (inner flame, 100% to hit)
The magic dart hits Ijyb but does no damage.
Ijyb zaps a wand.
The puff of flame hits you. You resist.
Unknown command.
Unknown command.
Casting: Magic Dart (safe; 3% risk of failure)
Confirm with . or Enter, or press ? or * to list all spells.
You conjure some foxfire!
The foxfire hits Ijyb.
Flame seeps out of Ijyb.
Ijyb is lightly wounded.
The foxfire hits Ijyb.
Flame seeps out of Ijyb.
Ijyb is moderately wounded.
Unknown command.
Casting: Foxfire (safe; 3% risk of failure)
Confirm with . or Enter, or press ? or * to list all spells.
You miscast Foxfire.
You are very lightly contaminated with residual magic.
Nothing appears to happen.
Ijyb is engulfed in blazing flames.
Flame seeps out of Ijyb.
Ijyb zaps a wand.
The puff of flame hits you. You resist.
Unknown command.
Unknown command.
Ijyb barely misses you.
Ijyb hits you with a +1 dagger of speed.
* * * LOW HITPOINT WARNING * * *
Ijyb zaps a wand.
The puff of flame misses you.
The now-empty wand crumbles to dust.
Your magical contamination has completely faded away.
Casting: Foxfire (safe; 3% risk of failure)
Confirm with . or Enter, or press ? or * to list all spells.
You conjure some foxfire!
* * * LOW HITPOINT WARNING * * *
The foxfire hits Ijyb!
Flame seeps out of Ijyb.
Ijyb is almost dead.
Ijyb is engulfed in blazing flames.
Ijyb explodes!
The fiery explosion engulfs you! You resist.
You die...

#..# ..# #.# .#
..###.#####.
....... ... #..
..###.##
.######.#
#.##...#
#..........#
#.##...### #..
##.###§.......##
#..
#...§§@§.v.....#
#..
#.###○#§§......#
#.. #.#
#§###..<##.#
###.. ##.###.#
#.>.##.#
>...!#####...##.#
######.#
.:..............#
#.#
####..####...####
#.# ##.# ##.##
#.# #.# #.# #.#


There were no monsters in sight!

Vanquished Creatures
  Ijyb (D:3)
  A gnoll (D:1)
  An adder (D:2)
  4 worms
  A dart slug (D:1)
  6 bats
  4 endoplasms
  2 giant cockroaches (D:1)
  4 goblins
  7 hobgoblins
  3 kobolds
  2 quokkas (D:1)
  3 ball pythons
  5 frilled lizards (D:1)
  2 rats
46 creatures vanquished.

Vanquished Creatures (others)
  104 foxfires
104 creatures vanquished.

Grand Total: 150 creatures vanquished

Notes
Turn   | Place    | Note
-------+----------+-------------------------------------------
     0 | D:1      | Morbidden the Djinni Fire Elementalist began the quest for
                  | the Orb.
     0 | D:1      | Reached XP level 1. HP: 15/15 MP: 0/0
   169 | D:1      | Reached XP level 2. HP: 14/21 MP: 0/0
   520 | D:1      | Reached skill level 3 in Spellcasting
   657 | D:1      | Reached XP level 3. HP: 24/25 MP: 0/0
   657 | D:1      | Learned a level 1 spell: Magic Dart
  1384 | D:1      | Found a faded altar of an unknown god.
  1528 | D:2      | Reached XP level 4. HP: 27/31 MP: 0/0
  2005 | D:2      | Reached skill level 1 in Fighting
  2511 | D:3      | Noticed Ijyb
  2538 | D:3      | Killed Ijyb
  2538 | D:3      | Killed by an exploding Ijyb... ignited by their inner flame

Illustrated notes

Levels and vault maps discovered:
D:1:      minmay_arrival_open_corners, layout_basic,
          ebering_ecumenical_altar_box, minmay_misc_feat_more_columns,
          minmay_misc_feat_columns
D:2:      layout_rooms
D:3:      layout_loops_ring, minmay_randomly_rotated_circles, uniq_ijyb

Skill      XL: |  1  2  3  4 |
---------------+-------------+-----
Spellcasting   | 3 |  3.6
Stealth        | 2 |  2.0
Fighting       | 1 |  1.0
Dodging        | |  2.3

Action                   |  1- 3 |  4- 6 || total
-------------------------+-------+-------++-------
Melee: Unarmed           |       |     1 ||     1
 Cast: Foxfire           |    45 |    16 ||    61
       Magic Dart        |    24 |    38 ||    62
       Inner Flame       |       |     2 ||     2
Armor: Robe              |       |     1 ||     1
Dodge: Dodged            |     2 |    11 ||    13

Table legend: (Time is in decaauts)
 A = Elapsed time spent in this place.
 B = Non-inter-level travel time spent in this place.
 C = Inter-level travel time spent in this place.
 D = Time resting spent in this place.
 E = Time spent auto-exploring this place.
 F = Levels seen in this place.
 G = Mean time per level.
                   A        B        C        D        E       F      G
               +--------+--------+--------+--------+--------+-----+--------+
         Total |   2537 |   2518 |     19 |    200 |   2029 |   3 |  845.7 |
       Dungeon |   2537 |   2518 |     19 |    200 |   2029 |   3 |  845.7 |
               +--------+--------+--------+--------+--------+-----+--------+

Top non-repeatable levels by time:
     D:1: 1506 daAuts
     D:2: 831 daAuts
     D:3: 199 daAuts
